[Event "Titled Tuesday Blitz June 13 Late 2023"]
[White "Kravtsiv, Martyn"]
[Black "Jaskolka, Tomasz"]
[WhiteFideId "14113147"]
[BlackFideId "1170791"]
[WhiteElo "2695"]
[BlackElo "2155"]
[Result "1-0"]
[Round "2"]
[TimeControl "180+2"]
[Date "2023.06.13"]
[WhiteClock "0:00:57"]
[BlackClock "0:00:38"]
[Board "45"]

1. e4 d5 2. exd5 Nf6 3. d4 Bg4 4. f3 Bf5 5. Bb5+ c6 6. dxc6 bxc6 7. Bd3 Bg6 8. Ne2 e6 9. Nbc3 Nbd7 10. O-O c5 11. Be3 cxd4 12. Bxd4 Nc5 13. Bb5+ Ncd7 14. Kh1 Be7 15. Nf4 O-O 16. Nxg6 hxg6 17. Qe2 Nb6 18. Rad1 Qc8 19. b3 Nbd5 20. Nxd5 Nxd5 21. c4 Nf6 22. c5 Rd8 23. b4 Rb8 24. a3 Nd5 25. Be5 Rxb5 26. Qxb5 Ne3 27. Rxd8+ Qxd8 28. Re1 Nc2 29. Rg1 Nxa3 30. Qb8 Qxb8 31. Bxb8 Nc2 32. c6 Nxb4 33. c7 1-0


[Site "https://www.chess.com"]

[Event "Titled Tuesday Blitz June 13 Late 2023"]
[White "Novikov, Evgenij"]
[Black "Lashkin, Jegor"]
[WhiteFideId "4125380"]
[BlackFideId "13907808"]
[WhiteElo "2242"]
[BlackElo "2368"]
[Result "0-1"]
[Round "2"]
[TimeControl "180+2"]
[Date "2023.06.13"]
[WhiteClock "0:00:14"]
[BlackClock "0:00:13"]
[Board "46"]

1. d4 d5 2. c4 e6 3. cxd5 exd5 4. Nc3 c6 5. Bf4 Bf5 6. e3 Bd6 7. Bg3 Nf6 8. Bd3 Bxd3 9. Qxd3 O-O 10. Nf3 Re8 11. O-O-O a5 12. Qc2 Na6 13. Kb1 Qe7 14. Ne5 Nd7 15. Nxd7 Qxd7 16. Bxd6 Qxd6 17. Rhe1 Nc7 18. e4 dxe4 19. Nxe4 Qd5 20. f3 Nb5 21. Nc3 Nxc3+ 22. bxc3 b5 23. Qb3 Qd6 24. g3 h5 25. f4 h4 26. Re5 hxg3 27. hxg3 Qg6+ 28. Qc2 Qxg3 29. Rg5 Qxf4 30. Rdg1 Re1+ 31. Rxe1 Qxg5 32. Qe4 Rc8 33. Kb2 Qd2+ 34. Kb3 a4+ 35. Kb4 Qb2+ 36. Kc5 Qxc3+ 37. Kd6 Qa5 38. Kc5 b4+ 39. Kd6 b3 40. Qe7 Qb4+ 41. Kd7 Qxe7+ 42. Rxe7 bxa2 43. Re1 Rb8 44. Ra1 Rb4 45. Kxc6 Rxd4 46. Rxa2 Rf4 47. Kc5 g5 0-1


[Site "https://www.chess.com"]

[Event "Titled Tuesday Blitz June 13 Late 2023"]
[White "Ozates, Tuna"]
[Black "Bazeev, German"]
[WhiteFideId "6354521"]
[BlackFideId "24119350"]
[WhiteElo "2151"]
[BlackElo "2466"]
[Result "0-1"]
[Round "2"]
[TimeControl "180+2"]
[Date "2023.06.13"]
[WhiteClock "0:00:14"]
[BlackClock "0:00:50"]
[Board "47"]

1. e4 c5 2. Nc3 Nc6 3. Bb5 g6 4. Bxc6 dxc6 5. d3 Bg7 6. f4 c4 7. Nf3 cxd3 8. cxd3 Nh6 9. O-O f5 10. e5 O-O 11. d4 Nf7 12. d5 Qb6+ 13. Kh1 Rd8 14. Nd4 cxd5 15. Be3 Qa6 16. e6 Nh6 17. Qb3 Qc4 18. Rfd1 Ng4 19. Bg1 Bxd4 20. Bxd4 Qxb3 21. axb3 Bxe6 22. Re1 Kf7 23. Nb5 Rd7 24. h3 Nf6 25. Bxf6 exf6 26. Nd4 Re7 27. b4 Bd7 28. Rxe7+ Kxe7 29. Kg1 Kd6 30. Kf2 a6 31. Re1 Rc8 32. Rd1 Rc4 33. b5 axb5 34. b3 Rc3 35. Ke2 Kc5 36. Rd2 b4 37. Kd1 g5 38. Ke2 gxf4 39. Kf2 h5 40. Ke2 h4 41. Kf2 Bb5 42. Nxb5 Kxb5 43. Rxd5+ Rc5 44. Rd7 b6 45. Rh7 Rc3 46. Rxh4 Rxb3 47. Rxf4 Rc3 48. Ke2 b3 49. Kd2 Rc2+ 50. Kd1 Rc5 51. h4 b2 0-1


[Site "https://www.chess.com"]

[Event "Titled Tuesday Blitz June 13 Late 2023"]
[White "Rodrigue-Lemieux, Shawn"]
[Black "ElDivis"]
[WhiteFideId "2620049"]
[WhiteElo "2405"]
[BlackElo "2551"]
[Result "1-0"]
[Round "2"]
[TimeControl "180+2"]
[Date "2023.06.13"]
[WhiteClock "0:00:21"]
[BlackClock "0:00:00"]
[Board "48"]

1. a3 g6 2. h4 Nf6 3. d3 d5 4. Nc3 Bg7 5. Bg5 h6 6. Bxf6 Bxf6 7. d4 O-O 8. Qd2 h5 9. O-O-O Nc6 10. Nf3 Bg4 11. e3 a6 12. Be2 b5 13. Ng5 Bxe2 14. Nxe2 b4 15. a4 b3 16. cxb3 Rb8 17. Kb1 Rxb3 18. Rc1 Nb4 19. Nc3 Qb8 20. Qd1 Nd3 21. Kc2 Nxb2 22. Qf3 Nc4 23. Qxd5 Rb2+ 24. Kd3 Qb3 25. Ne4 Rb8 26. Qxc4 Qxc4+ 27. Kxc4 c5 28. Nxf6+ exf6 29. dxc5 1-0


[Site "https://www.chess.com"]

[Event "Titled Tuesday Blitz June 13 Late 2023"]
[White "Kim, Sergey"]
[Black "Kushko, Dmitriy"]
[WhiteFideId "13700570"]
[BlackFideId "14162261"]
[WhiteElo "2550"]
[BlackElo "2230"]
[Result "1/2-1/2"]
[Round "2"]
[TimeControl "180+2"]
[Date "2023.06.13"]
[WhiteClock "0:00:19"]
[BlackClock "0:00:08"]
[Board "49"]

1. d4 g6 2. c4 Bg7 3. Nc3 d6 4. e4 e5 5. d5 a5 6. Nge2 Na6 7. Ng3 Nc5 8. Be2 h5 9. O-O Bd7 10. Be3 b6 11. Qd2 Bh6 12. Rae1 Qe7 13. Bd1 Bxe3 14. Qxe3 Nh6 15. Bc2 h4 16. Nh1 g5 17. f3 O-O-O 18. Nf2 Kb7 19. b3 f5 20. exf5 Nxf5 21. Bxf5 Bxf5 22. Nce4 Rhg8 23. Nxc5+ bxc5 24. Qd2 Ra8 25. a3 Rgb8 26. b4 axb4 27. axb4 cxb4 28. Qxb4+ Kc8 29. Qd2 Rb3 30. Ne4 Bxe4 31. fxe4 g4 32. Qd1 Raa3 33. Qxg4+ Kb7 34. Rb1 Qe8 35. Rxb3+ Rxb3 36. Ra1 h3 37. Qd1 Rb6 38. g3 Qg6 39. Qa4 Kc8 40. Rf1 Qg7 41. Qa8+ Rb8 42. Qa6+ Kd8 43. Qa7 Kc8 44. Qa6+ Kd8 45. Qa7 Kc8 46. Qa6+ 1/2-1/2


[Site "https://www.chess.com"]

[Event "Titled Tuesday Blitz June 13 Late 2023"]
[White "Goltsev, Dmitry"]
[Black "Kochiev, Ivan"]
[WhiteFideId "24176710"]
[BlackFideId "2917890"]
[WhiteElo "2356"]
[BlackElo "2287"]
[Result "1-0"]
[Round "2"]
[TimeControl "180+2"]
[Date "2023.06.13"]
[WhiteClock "0:02:33"]
[BlackClock "0:01:15"]
[Board "50"]

1. e4 c5 2. Nf3 d6 3. d4 cxd4 4. Nxd4 Nf6 5. Nc3 Nc6 6. Be2 e6 7. O-O Be7 8. Be3 O-O 9. f4 a6 10. Bf3 Qc7 11. Qe2 Nxd4 12. Bxd4 e5 13. fxe5 dxe5 14. Be3 Be6 15. Rfd1 Rfd8 16. h3 Bc5 17. Qf2 Bxe3 18. Qxe3 b5 19. Nd5 Bxd5 20. exd5 e4 21. Bxe4 Qe5 22. Bxh7+ 1-0


[Site "https://www.chess.com"]

[Event "Titled Tuesday Blitz June 13 Late 2023"]
[White "Diaz Rosas, Julio Cesar"]
[Black "Kosakowski, Jakub"]
[WhiteFideId "5105099"]
[BlackFideId "1185080"]
[WhiteElo "2284"]
[BlackElo "2488"]
[Result "0-1"]
[Round "2"]
[TimeControl "180+2"]
[Date "2023.06.13"]
[WhiteClock "0:00:00"]
[BlackClock "0:00:02"]
[Board "51"]

1. e4 e5 2. Nf3 Nc6 3. Bb5 Nf6 4. d3 Bc5 5. Bxc6 dxc6 6. Qe2 Qe7 7. Nbd2 Bg4 8. h3 Bh5 9. Nf1 Nd7 10. Be3 Nf8 11. O-O-O Bxf3 12. Qxf3 Ne6 13. Kb1 f6 14. h4 O-O-O 15. h5 Bd4 16. Bc1 Kb8 17. Ne3 Qd7 18. Nf5 Bb6 19. Qg3 Qf7 20. Ne3 Nf4 21. Qf3 Ne6 22. Nf5 Rd7 23. g3 Rhd8 24. Qg2 g6 25. hxg6 hxg6 26. Ne3 Bxe3 27. Bxe3 c5 28. Rdf1 g5 29. Qh3 b5 30. f4 gxf4 31. gxf4 exf4 32. Bc1 c4 33. dxc4 bxc4 34. Qc3 Rd4 35. Re1 Nc5 36. Qb4+ Nb7 37. Rhf1 Qe6 38. Rxf4 Re8 39. Qc3 Rd6 40. Rf2 Ka8 41. Rfe2 Nc5 42. Qa3 Qe5 43. Be3 Rc6 44. Bg1 Rb8 45. Ka1 Ra6 46. Qc3 Qxc3 47. bxc3 Na4 48. Bd4 c5 0-1


[Site "https://www.chess.com"]

[Event "Titled Tuesday Blitz June 13 Late 2023"]
[White "Hambleton, Aman"]
[Black "MKlose11"]
[WhiteFideId "2606577"]
[WhiteElo "2511"]
[BlackElo "2539"]
[Result "1-0"]
[Round "2"]
[TimeControl "180+2"]
[Date "2023.06.13"]
[WhiteClock "0:00:04"]
[BlackClock "0:00:06"]
[Board "52"]

1. c4 Nf6 2. d4 c5 3. d5 b5 4. cxb5 a6 5. bxa6 Bxa6 6. Nc3 d6 7. e4 Bxf1 8. Kxf1 g6 9. Nge2 Bg7 10. g3 O-O 11. Kg2 Nbd7 12. h3 Qb6 13. Qc2 Ne8 14. Rb1 Nc7 15. Bg5 Rfe8 16. a4 Qb7 17. Rhd1 Na6 18. b3 Nb4 19. Qd2 Ra6 20. Nb5 Nf6 21. Nec3 e6 22. Bxf6 Bxf6 23. dxe6 Rxe6 24. Nd5 Nxd5 25. Qxd5 Qxd5 26. Rxd5 Rxe4 27. Rxd6 Rxd6 28. Nxd6 Re2 29. Kf1 Rc2 30. Re1 Bd4 31. Re2 Rc3 32. a5 Rxb3 33. Ra2 c4 34. Nxc4 h5 35. a6 Ba7 36. h4 Kg7 37. Ne5 Rb6 38. Nc4 Rc6 39. Ne3 Rc1+ 40. Kg2 Rc6 41. Kf3 Rf6+ 42. Ke4 Rb6 43. Nc4 Rf6 44. Kd5 Kh6 45. f4 Kg7 46. Ne5 Re6 47. Nc6 Bb6 48. Rb2 Bg1 49. Rb1 Bf2 50. Rb2 Bg1 51. a7 Bxa7 52. Nxa7 Re3 53. Rg2 Kf6 54. Kd4 Rb3 55. Nc8 Kf5 56. Nd6+ Kg4 57. Nxf7 Rb4+ 58. Kc3 Ra4 59. Ne5+ Kh3 60. Rg1 Kh2 61. Nf3+ Kh3 62. Ng5+ Kh2 63. Nf3+ Kh3 64. Rf1 Kg2 65. Nd2 Kxg3 66. Rg1+ Kxh4 67. Rxg6 Rxf4 68. Kd3 Rg4 69. Rh6 Kg5 70. Rh8 h4 71. Ke3 Rg3+ 72. Nf3+ Kg4 73. Rxh4+ Kf5 74. Rh5+ Ke6 75. Ke4 Rg2 76. Rh6+ Ke7 77. Ra6 Re2+ 78. Kf5 Rf2 79. Kf4 Kd7 80. Ke3 Rg2 81. Nd4 Rb2 82. Ke4 Rb1 83. Kd5 Ke7 84. Re6+ Kf7 85. Re2 Kf6 86. Rf2+ Ke7 87. Nc6+ Kd7 88. Rf7+ Ke8 89. Rh7 Kf8 90. Ke6 Re1+ 91. Ne5 Kg8 92. Rc7 Ra1 93. Kf6 Ra6+ 94. Nc6 Ra1 95. Ne7+ Kh7 96. Rc2 Rf1+ 97. Nf5 Kg8 98. Rc8+ Kh7 99. Rc7+ Kg8 100. Rc3 Kh7 101. Rc4 Kg8 102. Rh4 Ra1 103. Ne7+ Kf8 104. Rh8# 1-0


[Site "https://www.chess.com"]

[Event "Titled Tuesday Blitz June 13 Late 2023"]
[White "Zavgorodniy, Sergiy"]
[Black "Gadimbayli, Abdulla"]
[WhiteFideId "14110148"]
[BlackFideId "13404938"]
[WhiteElo "2402"]
[BlackElo "2386"]
[Result "0-1"]
[Round "2"]
[TimeControl "180+2"]
[Date "2023.06.13"]
[WhiteClock "0:00:00"]
[BlackClock "0:00:45"]
[Board "53"]

1. d4 d5 2. c4 e5 3. e3 exd4 4. exd4 Nf6 5. Nf3 Bb4+ 6. Nc3 O-O 7. Be2 dxc4 8. Bxc4 Bg4 9. O-O Nc6 10. Be3 Qd6 11. h3 Bxf3 12. Qxf3 Nxd4 13. Qxb7 Rfb8 14. Qa6 Qxa6 15. Bxa6 Nc2 16. Rac1 Nxe3 17. fxe3 Bc5 18. Nd1 Bb6 19. Bc4 Rd8 20. Rc2 Rd6 21. Re2 Re8 22. Kh2 h6 23. b3 Re7 24. g4 Kf8 25. Kg2 Nd7 26. Nc3 c6 27. Rf5 Ne5 28. e4 f6 29. Rf1 Ng6 30. Na4 Rd4 31. Nxb6 axb6 32. Kg3 b5 0-1


[Site "https://www.chess.com"]

[Event "Titled Tuesday Blitz June 13 Late 2023"]
[White "Vakhlamov, Igor L."]
[Black "Tokhirjonova, Gulrukhbegim"]
[WhiteFideId "24126748"]
[BlackFideId "14203626"]
[WhiteElo "2407"]
[BlackElo "2265"]
[Result "1-0"]
[Round "2"]
[TimeControl "180+2"]
[Date "2023.06.13"]
[WhiteClock "0:00:30"]
[BlackClock "0:00:03"]
[Board "54"]

1. e4 e5 2. Nf3 Nc6 3. Nc3 Nf6 4. Bb5 Bb4 5. Nd5 Bd6 6. O-O O-O 7. Re1 Nxd5 8. exd5 Nd4 9. Nxd4 exd4 10. c3 Qf6 11. Qg4 c6 12. Bc4 b5 13. Bb3 d3 14. a4 b4 15. Bc4 cxd5 16. Bxd3 Bc5 17. Qg3 Bb7 18. Bb5 Rfe8 19. Rf1 a6 20. Bxd7 Re2 21. d4 Bd6 22. Qd3 Re7 23. Bg4 a5 24. Qf5 Qxf5 25. Bxf5 Ba6 26. Rd1 g6 27. Bg4 Be2 28. Bxe2 Rxe2 29. Rb1 bxc3 30. bxc3 Rc8 31. Bd2 Rc4 32. Kf1 Re6 33. Rb5 Rxa4 34. Rxd5 Ra2 35. c4 Bb4 36. Bh6 f5 37. Rd8+ Kf7 38. g3 Ree2 39. Be3 a4 40. Rb1 Bc3 41. Rb7+ Ke6 42. d5+ Kf6 43. Rd6+ Ke5 44. Re6# 1-0


[Site "https://www.chess.com"]

[Event "Titled Tuesday Blitz June 13 Late 2023"]
[White "brm72"]
[Black "Perez Ponsa, Federico"]
[BlackFideId "117927"]
[WhiteElo "2535"]
[BlackElo "2590"]
[Result "0-1"]
[Round "2"]
[TimeControl "180+2"]
[Date "2023.06.13"]
[WhiteClock "0:00:03"]
[BlackClock "0:00:09"]
[Board "55"]

1. e4 c5 2. Nf3 d6 3. d4 cxd4 4. Nxd4 Nf6 5. Nc3 a6 6. f3 e5 7. Nb3 Be6 8. Be3 Nbd7 9. Qd2 Rc8 10. O-O-O b5 11. Kb1 Nb6 12. g4 Be7 13. h4 b4 14. Qf2 bxc3 15. Bxb6 Qd7 16. h5 h6 17. Bxa6 Ra8 18. Qe2 O-O 19. Bb5 Qb7 20. Be3 Rfb8 21. a4 Ne8 22. f4 Nc7 23. g5 Nxb5 24. axb5 Qxe4 25. Qd3 Qxd3 26. Rxd3 cxb2 27. Kxb2 Rxb5 28. gxh6 e4 29. Rdd1 gxh6 30. Bd4 Rab8 31. Rhg1+ Kf8 32. Rg3 Rxh5 33. Rdg1 Ke8 34. Rg8+ Bf8 35. Bf6 Kd7 36. Rh8 Rh2 37. Kc3 Rc8+ 38. Kd4 Rhxc2 39. Rgg8 Bxb3 40. Rxf8 Rxf8 41. Rxf8 Rc4+ 42. Ke3 Ke6 43. Bd4 d5 44. f5+ Kxf5 45. Rxf7+ Kg5 46. Rg7+ Kh5 47. Be5 Rc1 48. Bf4 Rf1 49. Rh7 Rf3+ 50. Kd4 Rxf4 0-1


[Site "https://www.chess.com"]

[Event "Titled Tuesday Blitz June 13 Late 2023"]
[White "D`Arruda, Ricardo D."]
[Black "Erdogmus, Yagiz Kaan"]
[WhiteFideId "100692"]
[BlackFideId "44599790"]
[WhiteElo "2533"]
[BlackElo "2359"]
[Result "0-1"]
[Round "2"]
[TimeControl "180+2"]
[Date "2023.06.13"]
[WhiteClock "0:00:17"]
[BlackClock "0:00:17"]
[Board "56"]

1. Nf3 d5 2. d4 Nf6 3. c4 c6 4. e3 Bf5 5. Nc3 e6 6. Bd3 Bxd3 7. Qxd3 Nbd7 8. O-O Be7 9. e4 dxe4 10. Nxe4 O-O 11. Bf4 c5 12. Rad1 Qb6 13. b3 Rfd8 14. Nxf6+ Nxf6 15. dxc5 Bxc5 16. Qe2 Rxd1 17. Rxd1 a5 18. Be3 Bxe3 19. Qxe3 Qxe3 20. fxe3 g6 21. Kf2 Ne4+ 22. Ke1 Nc5 23. Ne5 Kg7 24. Rd4 f5 25. Nd7 Ne4 26. Nb6 Rf8 27. a3 Nf6 28. Nd7 Rf7 29. Nxf6 Kxf6 30. Rd6 Ke5 31. Rb6 a4 32. b4 Rc7 33. c5 Kd5 34. Rd6+ Kc4 35. Ke2 Kb3 36. Rd3+ Kb2 37. Kd2 e5 38. Rc3 e4 39. Rc4 Kxa3 40. b5 Kb3 41. Rc3+ Kb4 42. b6 Rxc5 0-1


[Site "https://www.chess.com"]

[Event "Titled Tuesday Blitz June 13 Late 2023"]
[White "Najer, Evgeniy"]
[Black "Roebers, Eline"]
[WhiteFideId "4118987"]
[BlackFideId "1058401"]
[WhiteElo "2545"]
[BlackElo "2528"]
[Result "1-0"]
[Round "2"]
[TimeControl "180+2"]
[Date "2023.06.13"]
[WhiteClock "0:00:41"]
[BlackClock "0:00:07"]
[Board "57"]

1. d4 f5 2. Bf4 Nf6 3. e3 d6 4. Nc3 g6 5. h4 h6 6. Qf3 e6 7. O-O-O Nc6 8. e4 fxe4 9. Nxe4 Bg7 10. Qg3 Kf7 11. Bd3 Nxe4 12. Bxe4 Qf6 13. Nf3 Bd7 14. h5 gxh5 15. Rxh5 Rag8 16. Qh2 Bf8 17. Kb1 Rg4 18. g3 Bg7 19. c3 Kf8 20. Qh3 Rxf4 21. gxf4 Qxf4 22. Rh4 Qf6 23. Qg3 Ke7 24. Rg4 Bf8 25. Rg6 Qf7 26. Qh4+ Ke8 27. Rf6 Qe7 28. Qh5+ Kd8 29. Rf7 Qe8 30. Bg6 Kc8 31. Rh7 1-0


[Site "https://www.chess.com"]

[Event "Titled Tuesday Blitz June 13 Late 2023"]
[White "Sreyas Payyappat"]
[Black "Lobanov, Sergei"]
[WhiteFideId "46674969"]
[BlackFideId "24183750"]
[WhiteElo "2043"]
[BlackElo "2501"]
[Result "0-1"]
[Round "2"]
[TimeControl "180+2"]
[Date "2023.06.13"]
[WhiteClock "0:00:12"]
[BlackClock "0:00:05"]
[Board "58"]

1. e4 e5 2. Nf3 Nc6 3. Bc4 Nf6 4. d4 exd4 5. e5 Ne4 6. Bd5 Nc5 7. O-O Ne6 8. c3 dxc3 9. Nxc3 Be7 10. Be3 O-O 11. Qc2 Nb4 12. Qe4 Nxd5 13. Nxd5 d6 14. Rad1 Qe8 15. Nd4 Nxd4 16. Nxc7 Qc6 17. Qxc6 Nxc6 18. Nxa8 Bg4 19. exd6 Bf6 20. f3 Be6 21. Nc7 Bxa2 22. Rd2 Bc4 23. Rc1 Be6 24. d7 Rd8 25. Nxe6 fxe6 26. Bf4 Kf7 27. Bc7 Be7 28. Bxd8 Bxd8 29. b4 a6 30. b5 axb5 31. Rb1 b4 32. Kf1 Ke7 33. Ke2 Bb6 34. Kd1 Bd4 35. Kc2 e5 36. f4 Kxd7 37. fxe5 Ke6 38. Re1 h5 39. Kb3 g6 40. Kc4 Bxe5 41. Kc5 Kf5 42. Rf2+ Kg5 43. Re4 Bxh2 44. Rd2 Be5 45. Rd5 Kf6 46. Kb6 b3 47. Rb5 b2 48. Kxb7 Nd8+ 49. Kc8 Nf7 50. Kd7 Kf5 51. Re2 Kf6 52. Rf2+ Kg7 53. Ke7 Nd6 54. Rb4 Nf5+ 55. Ke6 Bd4 56. Rf4 Kh6 57. Kd5 Bc3 58. Rb3 Kg5 59. Ke4 Bf6 60. Rf1 Nd6+ 61. Kd5 Nf5 62. Rbf3 Ne7+ 63. Ke6 Nf5 64. Rxf5+ gxf5 65. Rxf5+ Kg4 66. Rf1 Bc3 67. Kd5 Bd2 68. Kc4 Bc1 0-1


[Site "https://www.chess.com"]

[Event "Titled Tuesday Blitz June 13 Late 2023"]
[White "Bryakin, Mikhail"]
[Black "Urbina Perez, Juan Antonio"]
[WhiteFideId "4165314"]
[BlackFideId "2217368"]
[WhiteElo "2464"]
[BlackElo "2197"]
[Result "1/2-1/2"]
[Round "2"]
[TimeControl "180+2"]
[Date "2023.06.13"]
[WhiteClock "0:00:32"]
[BlackClock "0:00:17"]
[Board "59"]

1. e4 e6 2. d4 d5 3. Nc3 Nf6 4. Bg5 Bb4 5. e5 h6 6. Bd2 Bxc3 7. bxc3 Ne4 8. Nf3 c5 9. Bd3 Nxd2 10. Qxd2 c4 11. Be2 b5 12. a3 Nc6 13. h4 a5 14. h5 Bd7 15. O-O O-O 16. g3 Qe7 17. Kg2 b4 18. axb4 axb4 19. Nh2 bxc3 20. Qxc3 Qb4 21. Qe3 c3 22. Rxa8 Rxa8 23. Nf3 Bc8 24. g4 Ba6 25. Ra1 Bb7 26. Rxa8+ Bxa8 27. g5 hxg5 28. Qxg5 Qe7 29. Qe3 Qb4 30. Bd3 Bb7 31. h6 g6 32. Qf4 Qe7 33. Nh2 Nb4 34. Ng4 Nxd3 35. cxd3 c2 36. Nf6+ Kh8 37. Qc1 Qc7 38. h7 Ba6 39. Ne8 Qd8 40. Nd6 Qe7 41. Qxc2 Kxh7 42. Qd2 Kg7 43. Qe3 Qd8 44. Qh6+ Kg8 45. Qf4 Qe7 46. Qg3 Kg7 47. Kf1 Qc7 48. Qf3 Qc1+ 49. Kg2 Qg5+ 50. Kh3 Qh6+ 51. Kg2 Qg5+ 52. Kh3 Qh6+ 53. Kg4 Qh5+ 54. Kg3 Qg5+ 55. Qg4 Qxg4+ 56. Kxg4 Bxd3 57. Kg5 Bc2 58. Ne8+ Kf8 59. Nc7 Kg7 60. Nb5 Bd3 61. Nc3 Bc2 62. Ne2 Bd3 63. Nf4 Be4 64. Ne2 Bd3 65. Ng3 Bc2 66. f3 Bd3 67. Nh1 Be2 68. f4 Bf3 69. Nf2 Be4 70. Nd1 Bc2 71. Ne3 Bd3 72. Nd1 Bc2 73. Nc3 Bd3 74. Na4 Bb5 75. Nc5 Bc6 76. Na6 Bb5 77. Nc7 Bd7 78. Na8 Bc6 79. Nb6 Be8 80. Kh4 Bb5 81. Nc8 Bd7 82. Nd6 Ba4 83. Nb7 Bc2 84. Nc5 Be4 85. Kg4 Bf5+ 86. Kg5 Bb1 87. Nb7 Bc2 88. Nd6 Bb1 89. Ne8+ Kf8 90. Nf6 Kg7 91. Ng4 Bf5 92. Ne3 Be4 93. Kg4 Bd3 94. Kg3 Be4 95. Kf2 Bd3 96. Ng4 Bf5 97. Nf6 Bc2 98. Ke3 Bb1 99. Kd2 Be4 100. Ne8+ Kf8 101. Nd6 Bf5 102. Kc3 Kg7 103. Kb4 g5 104. fxg5 Kg6 105. Kc5 Kxg5 106. Nxf7+ Kf4 107. Nd8 Ke4 108. Kd6 Kxd4 109. Nxe6+ Bxe6 110. Kxe6 Kc4 111. Kf6 d4 112. e6 d3 113. e7 d2 114. e8=Q d1=Q 115. Qc6+ Kb3 116. Qb5+ Kc2 117. Qc4+ Kb1 118. Qb4+ Kc1 119. Qc3+ Qc2 120. Qa1+ Qb1 121. Qc3+ Qc2 122. Qe1+ Qd1 123. Qe3+ Qd2 124. Qe6 Qc2 125. Qd5 Kb1 126. Qh1+ Qc1 127. Qh7+ Qc2 128. Qxc2+ Kxc2 1/2-1/2


[Site "https://www.chess.com"]

[Event "Titled Tuesday Blitz June 13 Late 2023"]
[White "Santos Ruiz, Miguel"]
[Black "Toniutti, Ezio"]
[WhiteFideId "22291482"]
[BlackFideId "113034"]
[WhiteElo "2499"]
[BlackElo "2215"]
[Result "1-0"]
[Round "2"]
[TimeControl "180+2"]
[Date "2023.06.13"]
[WhiteClock "0:00:11"]
[BlackClock "0:00:10"]
[Board "60"]

1. e4 e5 2. Nf3 Nc6 3. Bc4 Nf6 4. d3 Be7 5. a4 O-O 6. Nc3 d6 7. h3 Be6 8. g4 d5 9. exd5 Nxd5 10. Ne4 a6 11. Qe2 Re8 12. Bd2 f6 13. c3 Bf8 14. Nh4 Nb6 15. Bxe6+ Rxe6 16. a5 Nd5 17. Nf5 Qd7 18. Rg1 g6 19. Qf3 Nf4 20. Bxf4 exf4 21. O-O-O Rae8 22. Qxf4 Bg7 23. Nxg7 Kxg7 24. g5 f5 25. Nf6 Qe7 26. Nxe8+ Qxe8 27. Kb1 Ne5 28. Qd4 Kg8 29. Rge1 Nf7 30. Rxe6 Qxe6 31. f4 Qe2 32. Rc1 Qg2 33. Re1 Kf8 34. Qb4+ Nd6 35. Qd4 Kf7 36. Qf6+ 1-0


[Site "https://www.chess.com"]

[Event "Titled Tuesday Blitz June 13 Late 2023"]
[White "Koutlas, Nikolaos"]
[Black "Kuznetsov, Felix"]
[WhiteFideId "25827138"]
[BlackFideId "34147990"]
[WhiteElo "2215"]
[BlackElo "2281"]
[Result "0-1"]
[Round "2"]
[TimeControl "180+2"]
[Date "2023.06.13"]
[WhiteClock "0:00:00"]
[BlackClock "0:00:03"]
[Board "61"]

1. Nf3 Nf6 2. g3 d5 3. b4 e6 4. a3 b6 5. Bg2 Bb7 6. O-O Nbd7 7. Bb2 Be7 8. c4 dxc4 9. Qc2 b5 10. Nd4 Bxg2 11. Kxg2 Qb8 12. a4 a6 13. f3 Qb7 14. axb5 axb5 15. Rxa8+ Qxa8 16. Nxb5 O-O 17. Qxc4 Rb8 18. N1c3 c6 19. Nc7 Qb7 20. Na6 Nb6 21. Qa2 Ra8 22. Ra1 Bxb4 23. Qb3 Rxa6 24. Rxa6 Qxa6 25. Qxb4 h5 26. Kf2 Nc4 27. d3 Qa7+ 28. Kg2 Ne3+ 29. Kh3 Qd7 30. Qb8+ Kh7 31. Qe5 Nf5 32. Ne4 Ne8 33. Ng5+ Kg6 34. e4 Nh6 35. Qf4 f6 36. e5 fxg5 37. Qe4+ Kf7 38. Qh7 g4+ 39. Kh4 Qe7+ 40. Kxh5 gxf3 41. Qg6+ Kg8 0-1


[Site "https://www.chess.com"]

[Event "Titled Tuesday Blitz June 13 Late 2023"]
[White "Rios Escobar, Adan"]
[Black "Djordjevic, Vuk"]
[WhiteFideId "3403645"]
[BlackFideId "902098"]
[WhiteElo "2480"]
[BlackElo "2463"]
[Result "0-1"]
[Round "2"]
[TimeControl "180+2"]
[Date "2023.06.13"]
[WhiteClock "0:00:00"]
[BlackClock "0:00:04"]
[Board "62"]

1. d4 Nf6 2. g3 e6 3. c4 d5 4. Bg2 Bb4+ 5. Nd2 O-O 6. Nf3 dxc4 7. a3 Ba5 8. O-O c3 9. Nc4 cxb2 10. Bxb2 c6 11. Nxa5 Qxa5 12. Ne5 Nbd7 13. Nc4 Qc7 14. Qb3 b5 15. Ne5 Nxe5 16. dxe5 Nd7 17. Rac1 Bb7 18. Rfd1 Nxe5 19. Qc3 f6 20. Ba1 Rfd8 21. Qb3 Nc4 22. Rd3 Kf7 23. h4 a6 24. h5 Rxd3 25. exd3 Nd6 26. h6 Nf5 27. hxg7 Nxg7 28. Qc3 Qe7 29. Bb2 Rd8 30. Qc2 Nf5 31. Qe2 Kf8 32. Be4 Qf7 33. Qf3 Nd4 34. Qd1 e5 35. Bg2 c5 36. a4 Bxg2 37. Kxg2 Qb7+ 0-1


[Site "https://www.chess.com"]

[Event "Titled Tuesday Blitz June 13 Late 2023"]
[White "Rama, Tejas"]
[Black "Yanchenko, Roman"]
[WhiteFideId "30907381"]
[BlackFideId "4137329"]
[WhiteElo "2089"]
[BlackElo "2491"]
[Result "0-1"]
[Round "2"]
[TimeControl "180+2"]
[Date "2023.06.13"]
[WhiteClock "0:00:03"]
[BlackClock "0:00:53"]
[Board "63"]

1. d4 d5 2. c4 c6 3. Nc3 Nf6 4. e3 a6 5. Nf3 Bg4 6. Qb3 Ra7 7. cxd5 Bxf3 8. gxf3 cxd5 9. Bd3 e6 10. f4 Be7 11. Bd2 O-O 12. f5 b5 13. Ne2 Qd7 14. fxe6 fxe6 15. a4 b4 16. f3 Nc6 17. a5 Rb8 18. O-O Bd8 19. Kh1 Nxa5 20. Qc2 b3 21. Qd1 Nc4 22. Bc1 a5 23. e4 Qf7 24. e5 Nh5 25. f4 g6 26. Ng3 Ng7 27. Qe2 Rc7 28. Bd2 Ra8 29. Bc3 a4 30. Rfb1 Nf5 31. Nxf5 gxf5 32. Rg1+ Kh8 33. Rg2 Bh4 34. Be1 Bxe1 35. Qxe1 Qh5 36. Qb4 Ne3 37. Rg3 Ng4 38. h3 Rg7 39. Rxa4 Rag8 40. Qxb3 Nf2+ 41. Kh2 Qxh3+ 0-1


[Site "https://www.chess.com"]

[Event "Titled Tuesday Blitz June 13 Late 2023"]
[White "Lin, Dachey"]
[Black "Wizard_of_Odds"]
[WhiteFideId "2029650"]
[WhiteElo "2313"]
[BlackElo "2459"]
[Result "0-1"]
[Round "2"]
[TimeControl "180+2"]
[Date "2023.06.13"]
[WhiteClock "0:00:14"]
[BlackClock "0:00:16"]
[Board "64"]

1. g4 e5 2. d4 exd4 3. Qxd4 Nc6 4. Qe4+ Qe7 5. Qxe7+ Bxe7 6. Bg2 Nf6 7. g5 Ng4 8. f4 Bc5 9. Nc3 a6 10. Nd5 Kd8 11. Nf3 d6 12. h3 Nf2 13. Rf1 Ne4 14. Be3 Bxe3 15. Nxe3 Re8 16. Nd2 Ng3 17. Rf3 Nf5 18. Ndf1 Ncd4 19. Ng4 Nxc2+ 20. Kd2 Nxa1 21. Rc3 Nd4 22. e3 Bxg4 23. hxg4 Nac2 24. exd4 Nxd4 25. Bd5 Ne6 26. Bxb7 Rb8 27. Bc6 Rxb2+ 28. Kc1 Rxa2 29. Bxe8 Kxe8 30. Ne3 Kd7 31. Nf5 g6 32. Nh6 Nxf4 33. Rf3 Ra4 34. Nxf7 Ne2+ 35. Kd2 Nd4 36. Re3 Ne6 37. Rg3 Rd4+ 38. Ke3 c5 39. Nh6 a5 40. Ng8 Kc6 41. Nf6 Nxg5 42. Ng8 Rb4 43. Ne7+ Kd7 44. Nd5 Rb3+ 45. Kf4 Ne6+ 0-1


[Site "https://www.chess.com"]

[Event "Titled Tuesday Blitz June 13 Late 2023"]
[White "Sztokbant, Bernardo Vainzoff"]
[Black "Simonian, Hrair"]
[WhiteFideId "2115956"]
[BlackFideId "13302337"]
[WhiteElo "2222"]
[BlackElo "2447"]
[Result "0-1"]
[Round "2"]
[TimeControl "180+2"]
[Date "2023.06.13"]
[WhiteClock "0:00:25"]
[BlackClock "0:01:03"]
[Board "65"]

1. e4 c5 2. Nf3 d6 3. d4 cxd4 4. Nxd4 Nf6 5. Nc3 a6 6. Bg5 Nbd7 7. f4 Qc7 8. Qf3 h6 9. Bh4 g5 10. fxg5 hxg5 11. Bxg5 Qc5 12. Be3 Ne5 13. Qe2 Neg4 14. Bg1 Bh6 15. Rd1 Qg5 16. Nf3 Qa5 17. h3 Bf4 18. Bd4 Bg3+ 19. Kd2 Bf4+ 20. Ke1 Bd7 21. Rg1 Bg3+ 22. Kd2 Bf4+ 23. Ke1 Bb5 24. Rd3 Bg3+ 25. Kd1 Bxd3 26. cxd3 Ne5 27. Qe3 Rc8 28. Nxe5 Bxe5 29. Be2 Qb4 30. Bxe5 dxe5 31. Kc2 Qd4 32. Kd2 Nxe4+ 33. Nxe4 Qxb2+ 34. Ke1 Rc2 35. Kf2 f5 36. Ng5 f4 37. Qe4 Qb6+ 38. Kf3 Qxg1 39. Qg6+ Kd8 40. Nf7+ Kc7 41. Nxh8 Qe3+ 42. Kg4 Qxe2+ 43. Kh4 Qf2+ 44. Kh5 Qxg2 45. Qe6 Qg7 46. Ng6 Rc6 47. Qxe5+ Qxe5+ 48. Nxe5 Rc5 49. d4 Rxe5+ 50. dxe5 f3 51. Kg4 f2 0-1


[Site "https://www.chess.com"]